 Dungeon Sprint DCSS version 0.20-b1-18-gaa2fd62 (webtiles) character file.

30801 potatolord6000 the Warrior (level 13, -5/208 HPs)
             Began as a Minotaur Fighter on May 25, 2017.
             Was an Initiate of Gozag.
             Slain by an entropy weaver (13 damage)
             ... in the Dungeon (Sprint IX: "|||||||||||||||||||||||||||||").
             The game lasted 00:10:28 (2520 turns).

potatolord6000 the Warrior (Minotaur Fighter)       Turns: 2520, Time: 00:10:29

Health: -5/208     AC:  2    Str: 41    XL:     13   Next: 22%
Magic:  22/22      EV: 18    Int: 19    God:    Gozag
Gold:   1637       SH:  0    Dex: 10    Spells: 12/12 levels left

rFire    + . .     SeeInvis .   r - +7 spear "Uqugotzun" {pierce, rF+ Str+3}
rCold    + . .     Gourm    .   (no shield)
rNeg     + + +     Faith    .   q - +8 chain mail of Kololuy {rPois rF- Regen+ Int+4}
rPois    +         Spirit   .   v - +3 hat of Pondering {ponderous, MR+ MP+10 Int+5}
rElec    .         Reflect  .   d - +0 cloak of the Quahog {Str+4 Stlth+}
rCorr    .         Harm     .   a - +0 pair of gloves
MR       +....     Clarity  +   j - +1 pair of boots Stlth ..........NoTele +
                                w - amulet of Lady Luck {*Corrode rC+ rN+++ Regen+ Int+2}
Regen    1.3/turn               p - +3 ring of strength
MPRegen  0.2/turn               b - +3 ring of intelligence

@: berserking (expiring), corroded, very quick
A: retaliatory headbutt, horns 2, clarity, fire resistance 1, shaggy fur 1
a: Potion Petition, Call Merchant, Bribe Branch, Renounce Religion


You were in the Dungeon.
You worshipped Gozag.
Gozag was most pleased with you.
You were not hungry.

You visited 1 branch You collected 9925 gold pieces.
You spent 2080 gold pieces at shops.
You paid 6208 gold pieces to Gozag.

Inventory:

Hand Weapons
 r - the +7 spear "Uqugotzun" (weapon) {pierce, rF+ Str+3}
   (You bought it in a shop in the Dungeon)

   It inflicts extra damage upon your enemies.
   It affects your strength (+3).
   It protects you from fire.
Armour
 a - a +0 pair of gloves (worn)
 d - the +0 cloak of the Quahog (worn) {Str+4 Stlth+}
   (You bought it in a shop in the Dungeon)

   It affects your strength (+4).
   It makes you more stealthy.
 j - a +1 pair of boots (worn)
 q - the +8 chain mail of Kololuy (worn) {rPois rF- Regen+ Int+4}
   (You bought it in a shop in the Dungeon)

   It affects your intelligence (+4).
   It makes you vulnerable to fire.
   It protects you from poison.
   It increases your rate of regeneration.
 v - the +3 hat of Pondering (worn) {ponderous, MR+ MP+10 Int+5}
   (You took it off Gastronok in the Dungeon)

   It affects your intelligence (+5).
   It affects your resistance to hostile enchantments.
   It affects your magic capacity (+10).
Jewellery
 b - a +3 ring of intelligence (right hand)
 p - a +3 ring of strength (left hand)
 w - the amulet of Lady Luck (around neck) {*Corrode rC+ rN+++ Regen+ Int+2}
   (You bought it in a shop in the Dungeon)

   [amulet of regeneration]

   It affects your intelligence (+2).
   It protects you from cold.
   It renders you almost immune to negative energy.
   It increases your rate of regeneration.
   It may corrode you when you take damage.
Scrolls
 h - 5 scrolls of remove curse
 k - 6 scrolls of blinking
 l - 2 scrolls of amnesia
 o - a scroll of fear
 y - a scroll of fog
Potions
 c - a potion of invisibility
 e - 5 potions of curing
 f - 2 potions of brilliance
 g - a potion of flight {unknown}
 i - 4 potions of magic
 x - a potion of berserk rage
 z - a potion of might
Comestibles
 s - 40 fruits
 t - 12 bread rations
 u - 11 meat rations


   Skills:
 + Level 20.1 Fighting
 + Level 19.9 Polearms
 + Level 20.1 Armour
 + Level 18.5 Dodging
   Level 3.6 Shields


You had 12 spell levels left.
You didn't know any spells.

Dungeon Overview and Level Annotations

Branches:
Dungeon (1/1)

Altars:
Cheibriados
Dithmenos
Elyvilon
Fedhas
Gozag
Hepliaklqana
Kikubaaqudgha
Makhleb
Nemelex Xobeh
Okawaru
Qazlal
Ru
Sif Muna
Trog
Uskayaw
Vehumet
Xom
Yredelemnul
Zin
The Shining One
Beogh
Jiyva
Lugonu

Shops:
D =([[[[:?([


Innate Abilities, Weirdness & Mutations

You reflexively headbutt those who attack you in melee.
You have a pair of horns on your head.
You possess an exceptional clarity of mind.
Your flesh is heat resistant. (rF+)
You are covered in fur. (AC +1)


Message History

The jumping spider closely misses you. You furiously retaliate!
You headbutt the jumping spider! The jumping spider barely misses you.
The entropy weaver hits you!
* * * LOW HITPOINT WARNING * * *
The entropy weaver hits you!
* * * LOW HITPOINT WARNING * * *
The entropy weaver closely misses you. x2
You barely miss the jumping spider.
The jumping spider is almost dead.
Unknown command.
You hit the jumping spider but do no damage.
You headbutt the jumping spider.
The jumping spider is almost dead.
The jumping spider leaps!
The entropy weaver barely misses you. You furiously retaliate!
You headbutt the entropy weaver. The entropy weaver barely misses you.
The entropy weaver hits you.
* * * LOW HITPOINT WARNING * * *
The entropy weaver hits you!
You die...
Your body crumbles into a pile of gold.

▓▓▓▓▓▓▓▓▓▓▓▓▓▓▓▓▓▓▓▓▓▓▓▓
.............s.§@as.....
.▓▓▓▓▓▓▓▓▓▓▓▓▓▓▓▓▓▓▓▓▓▓▓▓♣♣♣♣♣♣♣♣
...........).....)...............
▓▓▓▓▓▓▓▓▓▓▓▓▓▓▓▓▓▓▓▓▓▓▓▓▓▓▓▓▓▓▓▓▓
.........'=..=.)))))))).[.[[[[[[.
.▓▓▓▓▓▓▓▓▓▓▓▓▓▓▓▓▓▓▓▓▓▓▓▓▓▓▓▓▓▓▓▓
......................)....(.....
▓▓▓▓▓▓▓▓▓▓▓▓▓▓▓▓▓▓▓▓▓▓▓▓▓▓▓▓▓▓▓▓▓
.............)[)[[[.∩)))[∩∩[[.[[[


You could see an entropy weaver, a jumping spider and a redback.

Vanquished Creatures
  Agnes (D)
  Gastronok (D)
  Frances (D)
  A fire giant (D)
  An entropy weaver (D)
  A stone giant (D)
  A spark wasp (D)
  A fire dragon (D)
  Harold (D)
  Erolcha (D)
  2 hydras (D)
  2 centaur warriors (D)
  Erica (D)
  A two-headed ogre (D)
  5 orc high priests (D)
  A vampire mage (D)
  Urug (D)
  An unseen horror (D)
  9 orc knights (D)
  An ugly thing (D)
  Joseph (D)
  2 spiny frogs (D)
  A komodo dragon (D)
  A kobold demonologist (D)
  A demonic crawler (D)
  5 polar bears (D)
  2 hippogriffs (D)
  A wraith (D)
  4 tarantellas (D)
  A wyvern (D)
  A yak (D)
  Eustachio (D)
  A steam dragon (D)
  A water moccasin (D)
  3 porcupines (D)
  9 orc warriors (D)
  A phantom (D)
  4 black bears (D)
  5 crocodiles (D)
  A big kobold (D)
  3 bullfrogs (D)
  A scorpion (D)
  A killer bee (D)
  2 crimson imps (D)
  2 hounds (D)
  2 orc priests (D)
  2 orc wizards (D)
  A worker ant (D)
  An adder zombie (D)
  13 orcs (D)
  3 bat skeletons (D)
  A hobgoblin (D)
  A jackal (D)
  A kobold (D)
  A bat (D)
  A rat (D)
116 creatures vanquished.

Notes
Turn   | Place    | Note
-------+----------+-------------------------------------------
     0 | D        | potatolord6000 the Minotaur Fighter began the quest for the Orb.
     0 | D        | Reached XP level 1. HP: 19/19 MP: 0/0
    13 | D        | Reached skill level 1 in Dodging
    29 | D        | Noticed a hound
    29 | D        | Noticed a phantom
    31 | D        | Reached XP level 2. HP: 28/28 MP: 1/1
    40 | D        | Reached skill level 5 in Fighting
    40 | D        | Reached skill level 5 in Armour
    40 | D        | Reached XP level 3. HP: 24/36 MP: 2/2
   103 | D        | Killed a phantom
   103 | D        | Reached skill level 5 in Dodging
   103 | D        | Reached XP level 4. HP: 19/47 MP: 3/3
   109 | D        | Found a roughly hewn altar of Beogh.
   109 | D        | Found a snail-covered altar of Cheibriados.
   109 | D        | Found a shadowy altar of Dithmenos.
   109 | D        | Found a white marble altar of Elyvilon.
   109 | D        | Found a blossoming altar of Fedhas.
   109 | D        | Found an opulent altar of Gozag.
   110 | D        | Found a hazy altar of Hepliaklqana.
   111 | D        | Found a viscous altar of Jiyva.
   112 | D        | Found an ancient bone altar of Kikubaaqudgha.
   113 | D        | Found a corrupted altar of Lugonu.
   114 | D        | Found a burning altar of Makhleb.
   115 | D        | Found a sparkling altar of Nemelex Xobeh.
   116 | D        | Found an iron altar of Okawaru.
   117 | D        | Became a worshipper of Gozag Ym Sagoz the Greedy
   118 | D        | Found a stormy altar of Qazlal.
   119 | D        | Found a sacrificial altar of Ru.
   120 | D        | Found a deep blue altar of Sif Muna.
   121 | D        | Found a bloodstained altar of Trog.
   122 | D        | Found a hide-covered altar of Uskayaw.
   123 | D        | Found a radiant altar of Vehumet.
   125 | D        | Found a shimmering altar of Xom.
   126 | D        | Found a basalt altar of Yredelemnul.
   127 | D        | Found a glowing silver altar of Zin.
   128 | D        | Found a glowing golden altar of the Shining One.
   289 | D        | Noticed a big kobold
   289 | D        | Noticed a black bear
   292 | D        | Reached XP level 5. HP: 52/52 MP: 4/4
   303 | D        | Reached XP level 6. HP: 62/62 MP: 5/5
   326 | D        | Noticed a hippogriff
   326 | D        | Noticed a steam dragon
   326 | D        | Noticed a two-headed ogre
   326 | D        | Noticed a seven-headed hydra
   331 | D        | Killed a hippogriff
   331 | D        | Reached XP level 7. HP: 48/71 MP: 6/6
   334 | D        | Reached skill level 10 in Fighting
   334 | D        | Reached skill level 10 in Armour
   340 | D        | Killed a two-headed ogre
   340 | D        | Reached XP level 8. HP: 41/82 MP: 7/7
   345 | D        | Killed a ten-headed hydra
   345 | D        | Reached skill level 10 in Dodging
   348 | D        | Reached XP level 9. HP: 34/91 MP: 8/8
   366 | D        | Bought the +0 cloak of the Quahog {Str+4 Stlth+} for 295 gold pieces
   472 | D        | Got the ring of the Princess {*Slow rPois rF+ Int+2}
   500 | D        | Gained mutation: You possess an exceptional clarity of mind. [potion of mutation]
   500 | D        | Gained mutation: Your flesh is heat resistant. (rF+) [potion of mutation]
   500 | D        | Gained mutation: You are covered in fur. (AC +1) [potion of mutation]
   578 | D        | Noticed a spiny frog
   583 | D        | Killed a spiny frog
   585 | D        | Noticed a komodo dragon
   586 | D        | Noticed a spiny frog
   602 | D        | Killed a komodo dragon
   608 | D        | Killed a spiny frog
   833 | D        | Bought the +8 chain mail of Kololuy {rPois rF- Regen+ Int+4} for 742 gold pieces
   949 | D        | Noticed a seven-headed hydra
   960 | D        | Killed a 13-headed hydra
   960 | D        | Reached XP level 10. HP: 85/103 MP: 9/9
  1042 | D        | Reached skill level 15 in Fighting
  1042 | D        | Reached skill level 15 in Armour
  1140 | D        | Noticed Gastronok
  1153 | D        | Killed Gastronok
  1153 | D        | Reached skill level 15 in Polearms
  1153 | D        | Reached XP level 11. HP: 114/114 MP: 10/10
  1160 | D        | Noticed Urug
  1175 | D        | Killed Urug
  1257 | D        | Noticed Eustachio
  1263 | D        | Killed Eustachio
  1270 | D        | Noticed Joseph
  1278 | D        | Killed Joseph
  1294 | D        | Noticed Erolcha
  1301 | D        | Killed Erolcha
  1626 | D        | Noticed an orc knight
  1634 | D        | Killed an orc knight
  1640 | D        | Reached skill level 15 in Dodging
  1711 | D        | Bought the amulet of Lady Luck {*Corrode rC+ rN+++ Regen+ Int+2} for 763 gold pieces
  1731 | D        | Found Lempises's Antique Armour Emporium.
  1731 | D        | Noticed an orc high priest
  1731 | D        | Noticed an orc knight
  1731 | D        | Noticed an orc knight
  1731 | D        | Noticed an orc high priest
  1731 | D        | Noticed an orc knight
  1732 | D        | Noticed an orc high priest
  1737 | D        | Killed an orc high priest
  1740 | D        | Noticed an orc knight
  1748 | D        | Killed an orc knight
  1768 | D        | Killed an orc knight
  1771 | D        | Found Zekit's Armour Shoppe.
  1771 | D        | Noticed an orc knight
  1775 | D        | Killed an orc high priest
  1781 | D        | Killed an orc knight
  1782 | D        | Noticed an orc knight
  1782 | D        | Found Wyoquock's Book Emporium.
  1792 | D        | Noticed an orc knight
  1795 | D        | Killed an orc high priest
  1796 | D        | Noticed an orc knight
  1797 | D        | Noticed an orc high priest
  1800 | D        | Noticed an orc high priest
  1803 | D        | HP: 1/117 [orc knight/enchanted dire flail (25)]
  1809 | D        | HP: 2/117 [orc high priest/divine providence (12)]
  1811 | D        | Killed an orc knight
  1815 | D        | Killed an orc knight
  1816 | D        | Found Zeoqoc's Magic Scroll Shoppe.
  1818 | D        | Killed an orc knight
  1818 | D        | Reached XP level 12. HP: 41/127 MP: 11/11
  1830 | D        | Killed an orc high priest
  1839 | D        | Killed an orc high priest
  1973 | D        | Noticed Harold
  1985 | D        | Killed Harold
  2088 | D        | Noticed a centaur warrior
  2094 | D        | Noticed a centaur warrior
  2097 | D        | Noticed a vampire mage
  2104 | D        | Noticed a fire dragon
  2113 | D        | Killed a centaur warrior
  2114 | D        | Noticed a stone giant
  2118 | D        | Killed a centaur warrior
  2119 | D        | Noticed a spark wasp
  2121 | D        | Noticed a fire giant
  2129 | D        | Killed a vampire mage
  2153 | D        | Killed a fire dragon
  2162 | D        | Killed a stone giant
  2168 | D        | Killed a spark wasp
  2173 | D        | Killed a fire giant
  2216 | D        | Bought a twisted spear for 280 gold pieces
  2216 | D        | Identified the +7 spear "Uqugotzun" {pierce, rF+ Str+3} (You bought it in a shop in the Dungeon)
  2282 | D        | Noticed Erica
  2290 | D        | Killed Erica
  2328 | D        | Noticed Frances
  2340 | D        | Killed Frances
  2340 | D        | Reached XP level 13. HP: 76/139 MP: 12/12
  2345 | D        | Noticed Agnes
  2356 | D        | Killed Agnes
  2446 | D        | Noticed an entropy weaver
  2447 | D        | Noticed an entropy weaver
  2502 | D        | Killed an entropy weaver
  2518 | D        | HP: 10/208 [entropy weaver (8)]
  2520 | D        | Slain by an entropy weaver

Skill      XL: |  1  2  3  4  5  6  7  8  9 10 11 12 13 |
---------------+----------------------------------------+-----
Armour         | 4 5 7 8 9 11 12 14 15 17 19 20 | 20.1
Dodging        | 1 3 5 6 8 9 11 12 14 16 18 | 18.5
Fighting       | 4 5 7 8 9 11 12 14 15 17 19 20 | 20.1
Polearms       | 3 4 6 7 9 11 12 14 15 17 19 | 19.9
Shields        | |  3.6

Action                   |  1- 3 |  4- 6 |  7- 9 | 10-12 | 13-15 || total
-------------------------+-------+-------+-------+-------+-------++-------
Melee: Trident           |    44 |       |       |       |       ||    44
       Headbutt          |     5 |     4 |    15 |   110 |    21 ||   155
       Halberd           |       |    24 |    47 |   318 |       ||   389
       Spear             |       |       |       |    14 |    89 ||   103
Invok: Call Merchant     |       |       |     1 |     5 |       ||     6
       Potion Petition   |       |       |       |     1 |       ||     1
  Use: Potion            |     2 |       |     3 |     6 |     2 ||    13
       Scroll            |       |       |     2 |     1 |       ||     3
 Stab: Distracted        |       |       |       |     4 |     1 ||     5
  Eat: Bread ration      |       |     1 |       |       |       ||     1
       Meat ration       |       |       |       |     1 |       ||     1
Armor: Scale mail        |    14 |       |       |       |       ||    14
       Ring mail         |       |    15 |    24 |       |       ||    39
       Chain mail        |       |       |    15 |   109 |    25 ||   149
Dodge: Dodged            |    13 |    21 |    44 |   159 |    46 ||   283
